AoeStats
← Crash234

Black Forest

512713004Analyzed
4v4 RM · 8d ago on Oct 10, 2026· 111m 45s· 8 players
Game mode
Random Map
Map size
Large (8 player)
Population
200
Speed
Normal
Resources
Standard
Victory
Conquest
Starting age
Dark Age
Ending age
Imperial Age
RankedLock teamsTeams togetherTeam positionsShared explorationLock speedFull tech treeHidden civsTurbo modeCheats
Victory
Defeat
🇷🇺 Teutons · Russia
772
+15
🇷🇺 Britons · Russia
763
+16
🇷🇺 Koreans · Russia
761
+16
🇲🇽 Persians · Mexico
748
+16
vs
🇩🇪 Britons · Germany
811
-18
🇧🇷 Portuguese · Brazil
788
-17
🇨🇱 Bengalis · Chile
738
-15
🇹🇷 Teutons · Türkiye
680
-13
santiagocasabsalado
10:47 Feudal Age
11:16 Double-Bit Axe
11:14 Horse Collar
19:20 Castle Age
18:10 Gold Mining
18:11 Stone Mining
20:05 Wheelbarrow
20:27 Bow Saw
21:09 Heavy Plow
27:40 Hand Cart
29:51 Town Watch
29:52 Loom
30:34 Caravan
34:04 Imperial Age
31:39 Town Patrol
35:41 Gold Shaft Mining
35:42 Stone Shaft Mining
35:46 Crop Rotation
36:23 Two-Man Saw
36:27 Chemistry
35:35 Scale Barding Armor
35:32 Padded Archer Armor
36:37 Chain Barding Armor
36:28 Forging
36:09 Fletching
36:20 Scale Mail Armor
36:36 Bloodlines
37:27 Squires
36:48 Pikeman
41:02 Plate Barding Armor
40:42 Leather Archer Armor
40:23 Bodkin Arrow
41:04 Iron Casting
40:44 Chain Mail Armor
40:51 Ballistics
40:22 Heated Shot
40:28 Halberdier
40:31 Heavy Camel Rider
41:12 Husbandry
41:28 Elite War Elephant
42:46 Hoardings
42:16 Kamandaran
42:41 Citadels
60:07 Conscription
74:00 Ring Archer Armor
74:31 Blast Furnace
74:01 Plate Mail Armor
Crash234
0:32 Loom
13:43 Feudal Age
17:35 Double-Bit Axe
18:12 Gold Mining
19:43 Wheelbarrow
25:07 Castle Age
24:58 Horse Collar
26:09 Heavy Plow
27:42 Bow Saw
29:58 Fortified Wall
30:50 Caravan
31:43 Hand Cart
32:07 Fletching
33:04 Bodkin Arrow
35:10 Gold Shaft Mining
34:26 Stone Mining
34:47 Town Watch
36:55 Forging
40:41 Imperial Age
40:00 Iron Casting
39:26 Scale Mail Armor
40:39 Arson
40:55 Squires
42:44 Two-Man Saw
41:41 Elite Fire Lancer
42:27 Town Patrol
42:49 Chain Mail Armor
46:07 Pikeman
48:19 Plate Mail Armor
50:04 Chemistry
49:24 Ballistics
51:34 Capped Ram
57:53 Heavy Rocket Cart
59:43 Halberdier
61:17 Shinkichon
82:40 Elite War Wagon
88:59 Bracer
91:16 Ballistics
92:13 Conscription
93:08 Devotion
93:49 Theocracy
l-l-server-l-l
13:07 Feudal Age
14:19 Double-Bit Axe
18:27 Castle Age
16:17 Horse Collar
21:31 Wheelbarrow
21:10 Bow Saw
22:34 Caravan
25:43 Hand Cart
25:13 Town Watch
28:13 Town Patrol
28:21 Gold Mining
28:21 Stone Mining
29:08 Heavy Plow
30:36 Fletching
32:18 Gold Shaft Mining
37:10 Imperial Age
35:28 Ballistics
35:07 Bodkin Arrow
35:13 Padded Archer Armor
35:52 Treadmill Crane
37:23 Yeomen
36:39 Elite Skirmisher
37:42 Leather Archer Armor
39:43 Two-Man Saw
38:59 Bracer
39:30 Ring Archer Armor
39:32 Guilds
39:58 Coinage
38:58 Elite Longbowman
40:06 Conscription
41:44 Chemistry
42:22 Banking
43:03 Siege Engineers
43:15 Scale Barding Armor
44:37 Husbandry
44:51 Warwolf
48:08 Fortified Wall
48:12 Masonry
51:23 Squires
54:10 Architecture
54:54 Heavy Mounted Crossbowman
54:55 Cranequins
54:56 Crossbowman
60:17 Onager
65:10 Capped Ram
72:07 Herbal Medicine
76:17 Arbalester
88:13 Fervor
88:38 Theocracy
98:34 Hoardings
Konata Izumi
10:45 Feudal Age
17:00 Castle Age
15:17 Double-Bit Axe
15:14 Horse Collar
17:56 Bow Saw
17:54 Heavy Plow
27:04 Wheelbarrow
26:53 Caravan
27:19 Gold Mining
28:21 Stone Mining
31:39 Imperial Age
29:25 Hand Cart
28:56 Town Watch
29:49 Stone Shaft Mining
29:17 Fletching
29:28 Padded Archer Armor
29:39 Forging
29:34 Scale Mail Armor
30:37 Ballistics
31:10 Coinage
30:51 Town Patrol
31:34 Leather Archer Armor
31:23 Scale Mail Armor
31:29 Scale Barding Armor
32:43 Iron Casting
32:24 Chain Mail Armor
32:29 Squires
32:15 Arson
32:51 Guilds
33:14 Banking
34:49 Chemistry
33:55 Siege Engineers
34:03 Masonry
33:39 Arrowslits
34:12 Leather Archer Armor
34:33 Conscription
34:48 Ironclad
33:52 Pikeman
34:08 Capped Ram
35:07 Elite Teutonic Knight
35:57 Halberdier
38:08 Two-Man Saw
37:56 Crop Rotation
38:09 Plate Mail Armor
39:09 Bloodlines
41:12 Blast Furnace
40:40 Cavalier
41:46 Fortified Wall
43:37 Chain Barding Armor
43:48 Bodkin Arrow
45:57 Paladin
54:50 Bombard Tower
56:17 Heresy
56:37 Crenellations
58:32 Loom
LookVil
0:41 Loom
11:57 Feudal Age
14:29 Gold Mining
14:25 Double-Bit Axe
15:21 Horse Collar
19:29 Wheelbarrow
23:30 Castle Age
22:18 Town Watch
23:16 Stone Mining
25:05 Caravan
25:28 Heavy Plow
26:06 Town Patrol
30:36 Bow Saw
34:59 Imperial Age
32:53 Hand Cart
32:54 Fortified Wall
33:32 Murder Holes
34:32 Ballistics
35:17 Elite Organ Gun
36:19 Conscription
37:32 Chemistry
39:56 Two-Man Saw
39:43 Arquebus
41:45 Theocracy
41:22 Fervor
41:32 Sanctity
41:16 Atonement
42:47 Block Printing
42:39 Herbal Medicine
44:19 Bombard Tower
47:22 Fletching
47:32 Padded Archer Armor
48:29 Onager
63:04 Pikeman
63:57 Forging
63:47 Scale Mail Armor
69:34 Halberdier
71:52 Iron Casting
71:33 Chain Mail Armor
74:08 Stone Shaft Mining
Neby
0:28 Loom
12:52 Feudal Age
13:14 Horse Collar
15:59 Wheelbarrow
15:15 Double-Bit Axe
16:18 Wheelbarrow
19:48 Gold Mining
19:52 Stone Mining
23:06 Castle Age
24:39 Hand Cart
24:32 Caravan
26:01 Stone Shaft Mining
26:16 Heavy Plow
27:50 Bow Saw
28:57 Squires
28:46 Arson
34:00 Imperial Age
31:09 Pikeman
35:38 Heavy Scorpion
38:01 Chemistry
38:00 Conscription
39:39 Hoardings
38:29 Cavalier
39:22 Bloodlines
39:54 Crop Rotation
40:29 Two-Man Saw
42:16 Paladin
43:24 Halberdier
47:35 Scale Barding Armor
47:31 Scale Mail Armor
47:42 Forging
47:23 Fletching
47:34 Padded Archer Armor
55:03 Chain Barding Armor
54:58 Chain Mail Armor
55:19 Iron Casting
54:39 Bodkin Arrow
75:00 Onager
77:18 Siege Onager
80:15 Leather Archer Armor
80:36 Plate Barding Armor
80:31 Plate Mail Armor
81:02 Blast Furnace
80:00 Elite Skirmisher
82:54 Ring Archer Armor
82:54 Man-at-Arms
83:23 Gambesons
88:51 Capped Ram
Mistăr
0:38 Loom
11:15 Feudal Age
11:55 Horse Collar
12:04 Double-Bit Axe
21:04 Castle Age
20:50 Stone Mining
20:53 Gold Mining
21:32 Arson
22:05 Heavy Plow
22:26 Bow Saw
23:06 Gold Shaft Mining
23:35 Pikeman
24:15 Squires
27:12 Wheelbarrow
27:10 Fletching
29:27 Fortified Wall
29:38 Squires
29:50 Forging
34:23 Imperial Age
34:18 Hand Cart
35:24 Yeomen
35:28 Conscription
35:22 Bodkin Arrow
35:28 Padded Archer Armor
36:04 Iron Casting
36:32 Chemistry
35:29 Murder Holes
35:46 Masonry
35:18 Treadmill Crane
36:51 Two-Man Saw
36:08 Elite Longbowman
39:24 Bracer
39:47 Leather Archer Armor
40:33 Blast Furnace
39:34 Scale Mail Armor
39:22 Arrowslits
41:10 Halberdier
42:22 Ring Archer Armor
41:56 Warwolf
43:36 Chain Mail Armor
43:27 Scale Barding Armor
44:42 Hoardings
44:15 Siege Engineers
44:40 Architecture
44:32 Ballistics
48:37 Crossbowman
48:38 Elite Skirmisher
51:20 Husbandry
50:40 Light Cavalry
50:41 Cavalier
54:42 Caravan
62:57 Capped Ram
63:20 Heavy Scorpion
73:58 Plate Mail Armor
73:49 Chain Barding Armor
99:06 Arbalester
108:38 Onager
Carrizuwu
11:44 Feudal Age
10:47 Loom
12:47 Double-Bit Axe
16:41 Castle Age
15:19 Wheelbarrow
17:37 Bow Saw
17:10 Horse Collar
18:50 Fervor
29:31 Hand Cart
29:02 Town Watch
30:26 Bloodlines
31:21 Heavy Plow
32:03 Sanctity
31:55 Redemption
32:48 Scale Barding Armor
32:54 Forging
32:35 Fletching
32:46 Padded Archer Armor
32:53 Scale Mail Armor
32:56 Padded Archer Armor
36:38 Imperial Age
34:12 Town Patrol
35:07 Husbandry
36:54 Elite Battle Elephant
39:11 Two-Man Saw
39:04 Conscription
38:52 Paiks
39:11 Mahayana
40:46 Illumination
40:37 Block Printing
41:01 Theocracy
42:01 Chain Barding Armor
42:16 Iron Casting
41:37 Bodkin Arrow
41:28 Pikeman
42:08 Squires
41:54 Gambesons
41:55 Arson
42:49 Devotion
44:35 Ballistics
45:15 Chemistry
60:47 Onager
64:46 Caravan
68:36 Blast Furnace
67:37 Bracer
67:53 Chain Mail Armor
68:21 Plate Barding Armor
67:24 Siege Elephant
74:07 Leather Archer Armor
74:42 Halberdier
74:49 Elite Skirmisher
77:58 Siege Engineers
78:55 Chemistry
78:08 Masonry
77:54 Murder Holes
87:15 Elite Elephant Archer
87:50 Crossbowman
90:24 Ring Archer Armor
92:33 Arbalester
Connection lost

Rejoining the realm…

Still unreachable

The connection could not be restored.

Session expired

The server has moved on; the page needs a fresh start.